Map: Stasis LE

Players

JSO - Winner!

  • Race: Zerg Zerg
  • League: Diamond
  • Spawn Location: 11:00

Yocto

  • Race: Zerg Zerg
  • Spawn Location: 1:00

VOD

Have the link to the VOD?

Description

Time

  • Played on: Dec. 20, 2018, 8:32 a.m.
  • Length: 16:32
Show
View Real Time Build Order
Export as new Build Order

JSO Zerg - Winner!

Build Orders: Hatch First 

Get SALT Encoding   

  12  0:05  Drone  
  13  0:13  Drone  
  14  0:39  Hatchery, Drone  
  14  0:59  Spawning Pool  
  14  1:00  Drone  
  14  1:06  Extractor  
  14  1:07  Drone  
  14  1:18  Overlord  
  14  1:41  Drone  
  14  1:42  Drone x2  
  17  1:52  Spine Crawler  
  17  1:53  Drone  
  17  2:02  Queen  
  17  2:07  Zergling x2  
  21  2:28  Spine Crawler  
  20  2:32  Zergling x4  
  20  2:34  Metabolic Boost  
  20  2:36  Queen  
  22  2:41  Zergling x2  
  22  2:42  Zergling x2  
  26  3:03  Baneling Nest  
  25  3:23  Spine Crawler  
  25  3:24  Overlord  
  24  3:30  Zergling x8  
  28  3:34  Overlord  
  28  3:49  Baneling x4  
  28  3:56  Drone x3  
  28  3:59  Drone x3  
  34  4:24  Roach Warren  
  24  5:04  Roach  
  24  5:05  Roach x5  
  24  5:06  Overlord  
  24  5:07  Overlord, Spine Crawler  
  35  5:14  Spine Crawler  
  35  5:17  Drone x2  
  36  5:26  Spine Crawler  
  35  5:32  Drone x3  
  38  5:43  Drone x3  
  38  5:48  Extractor  
  40  5:53  Evolution Chamber  
  39  5:57  Drone x2  
  41  6:15  Queen  
  41  6:17  Drone x4  
  41  6:18  Drone  
  48  6:23  Zerg Missile Weapons Level 1  
  48  6:28  Drone x2  
  50  6:34  Drone  
  51  6:44  Lair  
  51  6:48  Drone  
  51  6:49  Overlord  
  52  7:03  Spore Crawler  
  52  7:06  Spore Crawler  
  50  7:32  Pneumatized Carapace  
  50  7:40  Drone x6  
  50  7:41  Drone x4  
  50  7:43  Extractor  
  59  7:44  Drone  
  59  7:46  Extractor  
  59  7:51  Drone  
  60  7:52  Overlord x5  
  60  7:56  Glial Reconstitution  
  60  8:14  Spire  
  59  8:22  Overseer  
  59  8:23  Overseer  
  59  8:28  Overlord  
  59  8:29  Overlord  
  59  8:53  Zerg Missile Weapons Level 2  
  59  9:06  Spore Crawler  
  59  9:08  Spore Crawler  
  59  9:09  Spore Crawler  
  56  9:12  Spore Crawler  
  56  9:14  Spore Crawler  
  55  9:17  Drone x2  
  55  9:21  Spore Crawler  
  55  9:26  Zerg Flyer Weapons Level 1  
  55  9:27  Corruptor x5  
  55  9:28  Corruptor x2  
  69  10:06  Roach  
  69  10:07  Roach x7  
  77  10:08  Roach x5  
  95  10:17  Corruptor  
  95  10:21  Corruptor  
  97  10:28  Drone  
  100  10:29  Spore Crawler  
  100  10:34  Spore Crawler  
  98  10:35  Spore Crawler  
  98  10:37  Drone x2  
  99  10:56  Spine Crawler  
  100  11:04  Roach x3, Corruptor  
  100  11:05  Corruptor  
  108  11:25  Spine Crawler  
  107  11:28  Spine Crawler  
  106  11:34  Drone x5  
  106  11:37  Spine Crawler  
  110  12:10  Hatchery  
  79  12:26  Corruptor x5  
  53  12:39  Spore Crawler  
  52  12:46  Corruptor x2  
  52  12:47  Spore Crawler  
  52  12:49  Corruptor  
  57  13:13  Corruptor x4  
  57  13:14  Corruptor  
  59  13:30  Corruptor x2  
  63  13:43  Corruptor x2  
  67  13:49  Corruptor  
  55  14:35  Hydralisk Den  
  54  15:14  Hydralisk x7  
  40  15:15  Hydralisk x8  
  40  15:16  Hydralisk  
  72  15:34  Queen  
  74  15:52  Mutalisk  
  74  15:53  Roach, Hydralisk x2  
  44  16:29  Hatchery  
Show
View Real Time Build Order
Export as new Build Order

Yocto Zerg 

Build Orders: Hatch First 

Get SALT Encoding   

  12  0:01  Drone  
  13  0:21  Overlord  
  13  0:23  Drone  
  14  0:41  Drone  
  14  0:42  Drone  
  16  0:46  Drone  
  17  1:10  Drone x2  
  19  1:13  Hatchery  
  19  1:14  Extractor  
  17  1:25  Spawning Pool  
  17  1:26  Drone  
  17  1:28  Drone  
  18  1:40  Drone  
  19  1:48  Overlord  
  19  2:05  Drone  
  20  2:20  Queen  
  22  2:29  Zergling x4  
  24  2:30  Queen  
  24  2:34  Metabolic Boost  
  26  2:43  Drone x4  
  30  2:53  Overlord  
  30  2:55  Drone  
  31  2:59  Lair  
  31  3:08  Queen  
  33  3:17  Drone x4  
  37  3:22  Extractor  
  36  3:32  Overlord  
  36  3:33  Drone  
  36  3:34  Drone x3  
  40  3:47  Baneling Nest  
  39  3:51  Extractor  
  39  3:53  Extractor, Drone x4  
  39  3:54  Drone x2  
  43  4:09  Drone  
  44  4:10  Drone x3  
  46  4:20  Zergling x10  
  51  4:26  Spine Crawler  
  51  4:29  Spine Crawler  
  51  4:30  Spine Crawler  
  48  4:32  Baneling x3  
  48  4:34  Zergling x2  
  48  4:35  Zergling x2  
  29  4:56  Zergling x12  
  35  5:11  Queen  
  37  5:18  Drone x3  
  40  5:21  Drone x2  
  40  5:22  Drone  
  43  5:35  Spire  
  43  5:36  Drone  
  43  5:49  Queen  
  45  5:51  Overlord  
  45  5:56  Drone x2  
  47  6:00  Drone x2  
  49  6:10  Drone x3  
  52  6:26  Drone x2  
  52  6:27  Drone x5  
  59  6:42  Overlord  
  59  6:43  Overlord x3  
  59  6:56  Overlord x2  
  59  7:08  Mutalisk x3  
  59  7:09  Mutalisk x2  
  59  7:10  Mutalisk  
  71  7:15  Mutalisk  
  73  7:24  Evolution Chamber  
  73  7:26  Mutalisk x3  
  78  7:41  Mutalisk x3  
  78  7:42  Mutalisk  
  86  7:55  Mutalisk x4  
  94  8:08  Zerg Melee Weapons Level 1  
  94  8:27  Overlord  
  94  8:28  Overlord  
  94  8:30  Mutalisk x3  
  94  8:33  Hatchery  
  99  8:50  Zergling x14  
  99  8:51  Zergling x4  
  108  9:01  Drone x2  
  110  9:17  Spore Crawler  
  110  9:21  Drone x4  
  110  9:22  Drone  
  114  9:34  Drone x7  
  121  9:48  Overlord x4, Corruptor  
  121  9:52  Extractor  
  122  9:53  Queen  
  122  9:54  Extractor  
  122  9:58  Mutalisk x3  
  129  10:02  Zerg Ground Armor Level 1  
  129  10:08  Zerg Flyer Weapons Level 1  
  129  10:16  Baneling  
  129  10:20  Baneling x2  
  129  10:22  Mutalisk  
  129  10:23  Mutalisk x4  
  129  10:26  Zergling x2  
  140  10:36  Evolution Chamber  
  140  10:40  Hatchery  
  140  10:42  Mutalisk x3  
  138  10:47  Drone x2  
  138  10:48  Drone  
  148  10:50  Drone x3  
  148  10:52  Overlord  
  150  10:59  Infestation Pit  
  149  11:20  Mutalisk x5  
  149  11:24  Zergling x14  
  166  11:30  Overseer x2  
  166  11:33  Overlord, Drone x4  
  169  11:51  Overlord x6  
  168  11:58  Corruptor x2  
  159  12:32  Corruptor x5  
  159  12:33  Corruptor x3  
  168  12:45  Hive  
  168  12:50  Queen  
  170  12:54  Corruptor x2  
  174  13:05  Zergling x14  
  168  13:38  Zerg Ground Armor Level 2  
  168  13:39  Zerg Melee Weapons Level 2  
  168  13:50  Spire  
  167  14:06  Pneumatized Carapace  
  167  14:08  Greater Spire  
  161  14:34  Corruptor x7  
  161  14:38  Overlord x5  
  175  14:39  Overlord x2  
  175  14:55  Extractor  
  175  14:56  Extractor  
  175  14:57  Spine Crawler  
  175  14:59  Spine Crawler x2  
  171  15:22  Spore Crawler  
  171  15:26  Queen  
  171  15:27  Spore Crawler  
  171  15:34  Brood Lord x5  
  181  15:47  Drone x6  
Tags
 
League
Diamond
Matchup
ZvZ
Race
Zerg
Replay Pack
Yocto
Spawn Locations
Close Positions
Add a new tag
Caveats
  • Supply blocks, unpowered buildings, or Contaminate may cause inaccurate times.
  • Supply counts are checked every 10 seconds.